 Dungeon Crawl Stone Soup version 0.20-a0-731-gecde0bf (webtiles) character file.

1881 Laphicet the Covert (level 8, -1/42 HPs)
             Began as a Spriggan Wanderer on Feb 22, 2017.
             Was an Initiate of Wu Jian.
             Slain by a centaur (5 damage)
             ... on level 6 of the Dungeon.
             The game lasted 00:26:16 (13207 turns).

Laphicet the Covert (Spriggan Wanderer)            Turns: 13207, Time: 00:26:24

Health: -1/42      AC:  2    Str:  8    XL:     8   Next: 91%
Magic:  19/19      EV: 23    Int: 13    God:    Wu Jian [......]
Gold:   260        SH:  0    Dex: 18    Spells: 12/20 levels left

rFire    . . .     SeeInvis +   m - +0 short sword (venom)
rCold    . . .     Gourm    .   c - +0 robe
rNeg     . . .     Faith    .   (shield restricted)
rPois    .         Spirit   .   (helmet restricted)
rElec    .         Reflect  .   (no cloak)
rCorr    .         Harm     .   (gloves unavailable)
MR       +....                  (boots unavailable)
Stlth    ++++......             (no amulet)
Regen    0.2/turn               (no ring)
MPRegen  0.2/turn               e - ring of wizardry

@: very quick
A: unfitting armour, see invisible, herbivore 3, speed 3, slow metabolism 2
a: Renounce Religion


You were on level 6 of the Dungeon.
You worshipped Wu Jian.
Wu Jian was noncommittal.
You were not hungry.

You visited 2 branches of the dungeon, and saw 8 of its levels.

You collected 260 gold pieces.

Inventory:

Hand Weapons
 b - a +0 falchion
 m - a +0 short sword of venom (weapon)
Armour
 c - a +0 robe (worn)
Jewellery
 e - a ring of wizardry (left hand)
Scrolls
 g - a scroll of recharging
 h - a scroll of identify
 i - a scroll of enchant armour
 j - 7 scrolls of remove curse
 k - a scroll of magic mapping
 l - 2 scrolls of teleportation
 n - a scroll of blinking
 p - a scroll of enchant weapon
 q - a scroll of fog
Potions
 d - a potion of ambrosia
 o - a potion of resistance
 r - 3 potions of curing
Books
 a - a book of Minor Magic

   Spells                             Type                      Level
   a - Magic Dart                     Conjuration                  1
   b - Blink                          Translocation                2
   c - Call Imp                       Summoning                    2
   d - Slow                           Hexes                        2
   e - Conjure Flame                  Conjuration/Fire             3
   f - Mephitic Cloud                 Conjuration/Poison/Air       3
Comestibles
 f - 3 bread rations


   Skills:
 + Level 4.4 Fighting
 + Level 4.2 Long Blades
 + Level 7.3 Dodging
 + Level 9.0 Stealth
 + Level 6.6 Spellcasting
   Level 3.0 Charms
 - Level 1.5 Translocations


You had 12 spell levels left.
You knew the following spells:

 Your Spells              Type           Power        Failure   Level  Hunger
a - Magic Dart            Conj           #...         7%          1    None
b - Blink                 Tloc           N/A          6%          2    #......
c - Call Imp              Summ           #.......     10%         2    #......
m - Mephitic Cloud        Conj/Pois/Air  #.......     24%         3    ###....


Dungeon Overview and Level Annotations

Branches:
Dungeon (7/15)             Temple (1/1) D:6

Altars:
Ashenzari
Cheibriados
Elyvilon
Fedhas
Gozag
Hepliaklqana
Kikubaaqudgha
Makhleb
Nemelex Xobeh
Okawaru
Qazlal
Ru
Sif Muna
Trog
Uskayaw
Vehumet
Wu Jian
Xom
Yredelemnul
Zin
The Shining One

Annotations:
D:2 Terence
D:6 George's ghost, novice HOFi


Innate Abilities, Weirdness & Mutations

You are very small and have problems with some larger weapons.
You are too small for most types of armour.
You have supernaturally acute eyesight. (SInv)
You are a herbivore.
You cover ground extremely quickly.
You need consume almost no food.


Message History

Unknown command.
The centaur misses you. The orc wizard barely misses you.
The centaur misses you.
You climb upwards.
Level annotation: George's ghost, novice HOFi
There is a stone staircase leading down here.
Unknown command.
You hit the centaur.
The centaur is poisoned.
The centaur is lightly wounded.
The centaur completely misses you.
The orc wizard gestures at you while chanting.
The magic dart hits you!
You hit the centaur.
The centaur looks even sicker.
The centaur is lightly wounded.
The centaur completely misses you. The orc wizard casts a spell at you.
The puff of flame hits you!
* * * LOW HITPOINT WARNING * * *
The centaur hits you.
You die...

.................#
.#.#############.#
.#.#######.# #.#
.........#.# #.#
.#.#####.#.# #.# .#.#
#.#.# #.#### .#.#
#.#.#####.##.# ###
.#.#####.........c..# #.#
...............o@##.# #.#
...#####.#.##.#####.# #.#
#..#####.#.##.# #.# #.#
.......[...##.# #.# #.#
##.#####.#.##.# #.# #.#
#..# #.#.##.#####.####.#
##..####.#...............#
.........#.##.####..####.#
....)###.#.##.# #...# #.#


You could see a centaur and an orc wizard.

Vanquished Creatures
  Prince Ribbit (D:5)
  Eustachio (D:4)
  2 ogres
  2 bullfrogs
  A water moccasin skeleton (D:5)
  A howler monkey (D:4)
  3 wights (D:6)
  A crimson imp (D:6)
  3 hounds (D:6)
  4 orc priests
  A jelly (D:5)
  3 orc wizards
  3 bullfrog skeletons
  Natasha (thrice) (D:4)
  An iguana (D:5)
  3 worker ants (D:4)
  Robin (D:4)
  15 adders
  7 worms
  3 dart slugs
  3 leopard geckos
  10 orcs
  7 bats
  10 giant cockroaches
  16 goblins
  12 hobgoblins
  12 jackals
  7 quokkas
  A ball python (D:3)
  7 frilled lizards
  14 kobolds
  A quokka zombie (D:6)
  7 rats
166 creatures vanquished.

Vanquished Creatures (collateral kills)
  Sigmund (D:4)
  A worm (D:3)
2 creatures vanquished.

Vanquished Creatures (others)
  An orc (D:3)
1 creature vanquished.

Grand Total: 169 creatures vanquished

Notes
Turn   | Place    | Note
-------+----------+-------------------------------------------
     0 | D:1      | Laphicet the Spriggan Wanderer began the quest for the Orb.
     0 | D:1      | Laphicet set off with: a book of Minor Magic, a +0 falchion, a +0 robe, a +0 dagger, a bread ration
     0 | D:1      | Reached XP level 1. HP: 10/10 MP: 5/5
    48 | D:1      | Learned a level 1 spell: Magic Dart
   410 | D:1      | Reached skill level 1 in Dodging
   685 | D:1      | Reached XP level 2. HP: 15/15 MP: 6/6
   691 | D:1      | Learned a level 2 spell: Blink
  1464 | D:2      | Reached skill level 1 in Long Blades
  1464 | D:2      | Reached skill level 5 in Stealth
  1464 | D:2      | Reached XP level 3. HP: 17/18 MP: 1/8
  1929 | D:2      | Reached XP level 4. HP: 16/23 MP: 8/10
  3067 | D:3      | Noticed Terence
  4728 | D:3      | Reached XP level 5. HP: 9/26 MP: 11/11
  5190 | D:3      | Found a snail-covered altar of Cheibriados.
  5191 | D:3      | Found an ancient bone altar of Kikubaaqudgha.
  5191 | D:3      | Found a hide-covered altar of Uskayaw.
  5191 | D:3      | Found a radiant altar of Vehumet.
  5194 | D:3      | Found a bloodstained altar of Trog.
  5197 | D:3      | Found a basalt altar of Yredelemnul.
  5253 | D:2      | Learned a level 2 spell: Call Imp
  5257 | D:2      | Learned a level 3 spell: Mephitic Cloud
  5326 | D:3      | Found a glowing silver altar of Zin.
  6622 | D:4      | Noticed Robin
  6622 | D:4      | Noticed Sigmund
  7311 | D:4      | Reached XP level 6. HP: 22/32 MP: 13/13
  7314 | D:4      | Noticed Eustachio
  7318 | D:5      | Entered Level 5 of the Dungeon
  7417 | D:4      | Reached skill level 6 in Stealth
  7443 | D:4      | Killed Sigmund
  7658 | D:4      | Noticed Natasha
  7677 | D:4      | Killed Natasha
  8508 | D:4      | Noticed Natasha
  8779 | D:4      | Reached XP level 7. HP: 29/36 MP: 15/15
  8949 | D:4      | Reached skill level 5 in Spellcasting
  9232 | D:4      | Killed Natasha
  9235 | D:4      | Noticed Natasha
  9310 | D:4      | Killed Robin
  9902 | D:4      | Reached skill level 7 in Stealth
  9980 | D:4      | Killed Eustachio
  9980 | D:4      | Reached skill level 5 in Dodging
 10048 | D:4      | Killed Natasha
 10501 | D:5      | Noticed Prince Ribbit
 10564 | D:5      | Killed Prince Ribbit
 10564 | D:5      | Reached XP level 8. HP: 8/42 MP: 17/17
 10905 | D:5      | Reached skill level 8 in Stealth
 11770 | D:6      | Found a staircase to the Ecumenical Temple.
 11844 | Temple   | Entered the Ecumenical Temple
 12080 | Temple   | Became a worshipper of the Wu Jian Council
 12628 | D:6      | Noticed George's ghost (novice HOFi)
 12833 | D:5      | Reached skill level 9 in Stealth
 13207 | D:6      | Slain by a centaur

Vault maps used:
D:1:      minmay_arrival_diagonal_passages
D:3:      minitemple, zin_academy, first_bread, uniq_terence
D:4:      uniq_natasha, uniq_eustachio, uniq_robin, uniq_sigmund
D:5:      cheibrodos_quashed, uniq_prince_ribbit1
D:6:      minmay_klotski, minmay_temple_entry_statues_pillars, uniq_menkaure
D:7:      nicolae_dithmenos_the_darkroom, fedhas_altar_fruit_tree
Temple:   eino_temple_water

Skill      XL: |  1  2  3  4  5  6  7  8 |
---------------+-------------------------+-----
Dodging        | 1 2 3 4 5 7 |  7.3
Spellcasting   | 3 4 5 6 |  6.6
Long Blades    | 1 2 3 4 |  4.2
Stealth        | 5 6 7 9 |  9.0
Fighting       | 2 3 4 |  4.4
Charms         | |  3.0
Translocations | |  1.5

Action                   |  1- 3 |  4- 6 |  7- 9 || total
-------------------------+-------+-------+-------++-------
Melee: Falchion          |    77 |   376 |   103 ||   556
       Short sword       |       |       |   242 ||   242
 Cast: Magic Dart        |    40 |    40 |     2 ||    82
       Mephitic Cloud    |       |    10 |       ||    10
       Call Imp          |       |     5 |       ||     5
  Use: Potion            |     2 |     5 |     1 ||     8
       Scroll            |       |     9 |     6 ||    15
 Stab: Sleeping          |     4 |    14 |     9 ||    27
       Confused          |       |    19 |       ||    19
       Distracted        |       |     2 |     3 ||     5
  Eat: Fruit             |       |     2 |       ||     2
       Royal jelly       |       |     1 |     2 ||     3
       Bread ration      |       |     1 |       ||     1
Armor: Robe              |    11 |    24 |    14 ||    49
Dodge: Dodged            |    83 |   336 |   306 ||   725
       Rpst.: Falchion   |    26 |    97 |    29 ||   152
